 Dungeon Crawl Stone Soup version 0.31-a0-1363-g282adc679d (webtiles) character file.

Game seed: 11731759696501990480

10825 Gargoyl the Cleaver (level 11, -1/69 HPs)
             Began as a Gargoyle Berserker on Dec 23, 2023.
             Was a Priest of Trog.
             Slain by a lindwurm (9 damage)
             ... summoned by Kirke
             ... on level 13 of the Dungeon.
             The game lasted 00:12:26 (11030 turns).

Gargoyl the Cleaver (Gargoyle Berserker)           Turns: 11030, Time: 00:12:26

Health: -1/69      AC:  0    Str: 25    XL:     11   Next: 68%
Magic:  11/11      EV: 17    Int:  7    God:    Trog [***...]
Gold:   550        SH:  0    Dex: 14    Spells: 10/10 levels left

rFire   . . .        a - melded +2 executioner's axe "Gram" {drain, Dex+7}
rCold   . . .        (shield currently unavailable)
rNeg    + . .        u - melded +0 chain mail of Togu {rCorr Str+3 Dex+5 Stlth-}
rPois   ∞            (helmet currently unavailable)
rElec   .            g - melded +0 cloak
rCorr   .            x - melded +1 pair of gloves
SInv    .            (boots currently unavailable)
Will    .....        (no amulet)
Stlth   ++++         (ring currently unavailable)
HPRegen 0.31/turn    (ring currently unavailable)
MPRegen 0.12/turn

%: no passive effects
@: pig-form, on berserk cooldown, slowed
A: fast, no casting, sickness immunity, AC +8, small, negative energy resistance
1, (electricity resistance), torment resistance 1, petrification resistance,
(iridescent scales 2), thin skeletal structure 1, strong 1
a: Renounce Religion, Berserk, Trog's Hand


You were on level 13 of the Dungeon.
You worshipped Trog.
Trog was most pleased with you.
You were a filthy swine.
You visited 1 branch of the dungeon, and saw 13 of its levels.
You also visited: Bailey.

You collected 622 gold pieces.
You spent 72 gold pieces at shops.

Inventory:

Hand Weapons
 a - the +2 executioner's axe "Gram" (melded) {drain, Dex+7}
   (You acquired it on level 5 of the Dungeon)

   Dex+7:     It affects your dexterity (+7).
 e - a +2 antimagic scythe
 q - a +2 hand axe of flaming
 v - a +0 war axe
Missiles
 f - 21 poisoned darts (quivered)
Armour
 g - a +0 cloak (melded)
 u - the +0 chain mail of Togu (melded) {rCorr Str+3 Dex+5 Stlth-}
   (You found it on level 8 of the Dungeon)

   Str+3:     It affects your strength (+3).
   Dex+5:     It affects your dexterity (+5).
   rCorr:     It protects you from acid and corrosion.
   Stlth-:    It makes you less stealthy.
 x - a +1 pair of gloves (melded)
Wands
 o - a wand of roots (12)
 t - a wand of mindburst (9)
 w - a wand of acid (4)
 y - a wand of charming (1)
 A - a wand of polymorph (3)
Scrolls
 h - 2 scrolls of revelation
 i - 6 scrolls of teleportation
 j - a scroll of blinking
 m - 2 scrolls of poison
 n - 2 scrolls of torment
 p - a scroll of vulnerability
 s - a scroll of fog
 G - a scroll of enchant armour
Potions
 b - 2 potions of might
 c - a potion of invisibility
 d - 3 potions of attraction
 k - a potion of mutation
 l - 2 potions of brilliance
 r - 2 potions of heal wounds
 z - a potion of lignification
 B - a potion of cancellation
 C - 5 potions of haste {unknown}
 D - 3 potions of experience
 E - 2 potions of magic {unknown}
 F - a potion of resistance {unknown}


   Skills:
 + Level 8.9 Fighting
 + Level 11.7(12.1) Axes
 + Level 4.6(8.9) Polearms
 + Level 0.9 Throwing
 + Level 5.8 Armour
 + Level 6.2 Dodging
 + Level 4.0 Stealth


You had 10 spell levels left.
You didn't know any spells.
Your spell library was empty.

Dungeon Overview and Level Annotations

Branches:
Dungeon (14/15)            Temple (0/1) D:4             Orc (0/2) D:9
 Bailey (visited)
   Lair: D:8-11      Vaults: D:13-14

Altars:
Ashenzari
Cheibriados
Elyvilon
Fedhas
Hepliaklqana
Kikubaaqudgha
Qazlal
Sif Muna
Trog
Wu Jian
Xom
Yredelemnul
The Shining One

Shops:
D:2 ?   D:5 :

Annotations:
D:4 1 runed translucent door
D:13 Kirke


Innate Abilities, Weirdness & Mutations

You are a filthy swine.
You move quickly.
Your equipment is almost entirely melded.
You are incapable of wielding weapons or throwing items.
You cannot cast spells.
You are immune to sickness and miasma.
((Your stone body is resilient. (AC +8)))
You are immune to poison.
You resist negative energy. (rN+)
((You are resistant to electric shocks. (rElec)))
You are resistant to unholy torment.
You are immune to petrification.
((You are mostly covered in iridescent scales. (AC +4)))
You have a somewhat thin skeletal structure. (Dex +2, Stealth+)
Your muscles are strong. (Str +4, Int/Dex -1)


Message History

You turn into a filthy swine.
The +2 executioner's axe "Gram" {drain, Dex+7} melds into your body.
Your +0 cloak melds into your body.
Your +1 pair of gloves melds into your body.
The +0 chain mail of Togu {rCorr Str+3 Dex+5 Stlth-} melds into your body.
The lindwurm bites you! The lindwurm barely misses you. The lindwurm claws you!
You bite Kirke!
Kirke is severely wounded.
Kirke hits you. The lindwurm closely misses you. The lindwurm claws you.
The lindwurm closely misses you.
Kirke mumbles some strange words.
Nothing appears to happen.
Unknown command.
You closely miss Kirke.
Kirke is severely wounded.
The lindwurm completely misses you. The lindwurm claws you.
The lindwurm claws you! Kirke hits you!
* * * LOW HITPOINT WARNING * * *
Unknown command.
You hit Kirke.
Kirke is severely wounded.
The lindwurm closely misses you. The lindwurm claws you.
* * * LOW HITPOINT WARNING * * *
The lindwurm misses you. Kirke casts a spell at you.
You feel as though you will be slow longer.
The lindwurm bites you!
* * * LOW HITPOINT WARNING * * *
The lindwurm misses you. The lindwurm barely misses you.
You feel much better. Kirke hits you. The lindwurm bites you.
The lindwurm misses you. x2
Kirke gestures wildly while chanting.
Kirke flickers and vanishes!
Deactivating autopickup; reactivate with Ctrl-A.
You feel much better. The lindwurm bites you! The lindwurm claws you! x2
* * * LOW HITPOINT WARNING * * *
Something hits you!
* * * LOW HITPOINT WARNING * * *
The lindwurm bites you!
You die... .... ... ..# hh#

#h# #k# #{# .#
#h# .#
>.#####k######.#
...............#
#..........[...#
#..............#
#..............#
#.........>)...#
...............#
.........(.....#


You could see 2 lindwurms and 3 hogs.

Vanquished Creatures
  Erolcha (D:9)
  A boulder beetle (D:11)
  Urug (D:13)
  Pikel (D:4)
  Joseph (D:8)
  The ghost of kal9871 the Chiller, a novice HOIE (D:5)
  A gargoyle (D:9)
  A kobold demonologist (D:9)
  A troll (D:9)
  Grinder (D:4)
  Sigmund (D:2)
  A ynoxinul (D:9)
  A wraith (D:11)
  5 yaks (D:9)
  The ghost of jotaen the Covered, an amateur MiFi (D:3)
  3 hogs (D:13)
  Grum (D:9)
  A steam dragon (D:8)
  10 vampire mosquitoes
  2 water moccasins (D:6)
  4 orc warriors
  A sky beast (D:7)
  The ghost of jotaen the Trooper, an amateur MiFi (D:4)
  An ice beast (D:5)
  3 wolves (D:9)
  An ogre (D:5)
  3 centaurs
  2 lemures (D:4)
  A kobold brigand (D:10)
  6 bullfrogs
  5 scorpions
  5 wights (D:10)
  9 killer bees
  A quasit (D:3)
  A hound (D:5)
  2 jellies (D:7)
  Crazy Yiuf (D:4)
  9 orc priests
  3 iguanas (D:7)
  Natasha (thrice) (D:2)
  A sleepcap (D:4)
  6 orc wizards
  7 adders
  9 gnolls (Bailey)
  3 shadow imps
  2 bombardier beetles
  4 ufetubi
  2 dart slugs
  50 orcs
  7 ball pythons
  6 endoplasms
  2 giant cockroaches
  6 goblins
  4 hobgoblins
  2 jackals (D:2)
  7 kobolds
  6 quokkas
  7 bats
  3 frilled lizards
  5 rats
237 creatures vanquished.

Notes
Turn   | Place    | Note
-------+----------+-------------------------------------------
     0 | D:1      | Gargoyl the Gargoyle Berserker began the quest for the Orb.
     0 | D:1      | Reached XP level 1. HP: 14/14 MP: 1/1
   302 | D:1      | Reached XP level 2. HP: 16/19 MP: 2/2
   461 | D:1      | Reached skill level 3 in Axes
  1197 | D:2      | Noticed Natasha
  1204 | D:2      | Killed Natasha
  1205 | D:2      | Reached XP level 3. HP: 8/24 MP: 3/3
  1280 | D:2      | Noticed Natasha
  1289 | D:2      | Killed Natasha
  1290 | D:2      | Reached XP level 4. HP: 29/29 MP: 4/4
  1469 | D:2      | Noticed Sigmund
  1482 | D:2      | Killed Sigmund
  1483 | D:2      | Reached skill level 4 in Axes
  1483 | D:2      | Reached skill level 1 in Stealth
  1483 | D:2      | Reached XP level 5. HP: 34/34 MP: 3/5
  1483 | D:2      | Reached XP level 6. HP: 39/39 MP: 3/6
  1669 | D:2      | Noticed Natasha
  1678 | D:2      | Killed Natasha
  1678 | D:2      | Reached ** piety under Trog
  1865 | D:2      | Found a faded altar of an unknown god.
  1942 | D:2      | Found Vasetu's Magic Scroll Shoppe.
  1946 | D:2      | Bought a scroll of teleportation for 36 gold pieces
  1946 | D:2      | Bought a scroll of teleportation for 36 gold pieces
  2020 | D:3      | Found a snail-covered altar of Cheibriados.
  2168 | D:3      | Found a transporter.
  2173 | D:3      | Noticed jotaen's ghost (amateur MiFi)
  2580 | D:3      | Found a transporter.
  2905 | D:3      | Reached skill level 1 in Polearms
  2991 | D:3      | Killed jotaen's ghost
  2992 | D:3      | Reached XP level 7. HP: 44/44 MP: 2/7
  3545 | D:4      | Noticed Pikel
  3557 | D:4      | Killed Pikel
  3558 | D:4      | Reached skill level 5 in Fighting
  3558 | D:4      | Reached XP level 8. HP: 49/49 MP: 8/8
  3631 | D:4      | Found a staircase to the Ecumenical Temple.
  3659 | D:4      | Found a runed translucent door.
  3720 | D:4      | Noticed Grinder
  3723 | D:4      | Noticed jotaen's ghost (amateur MiFi)
  3736 | D:4      | Killed Grinder
  3737 | D:4      | Reached skill level 5 in Axes
  3771 | D:4      | Killed jotaen's ghost
  3859 | D:4      | Found a runed translucent door.
  3958 | D:4      | Found a runed translucent door.
  3959 | D:4      | Noticed Crazy Yiuf
  4080 | D:4      | Killed Crazy Yiuf
  4155 | D:5      | Entered Level 5 of the Dungeon
  4304 | D:5      | Found Otetom's Book Shop.
  4508 | D:5      | Found a runed translucent gate.
  4508 | D:5      | Found a runed translucent gate.
  4508 | D:5      | Found a runed translucent gate.
  4509 | D:5      | Noticed kal9871's ghost (novice HOIE)
  4513 | D:5      | Identified a scroll of acquirement
  4513 | D:5      | Acquired the +2 executioner's axe "Gram" {drain, Dex+7}
  4720 | D:5      | Killed kal9871's ghost
  4721 | D:5      | Reached skill level 5 in Dodging
  4721 | D:5      | Reached XP level 9. HP: 56/56 MP: 9/9
  5066 | D:5      | Found a blossoming altar of Fedhas.
  5066 | D:5      | Found a stormy altar of Qazlal.
  5072 | D:5      | Reached skill level 6 in Axes
  5252 | D:6      | Found a hazy altar of Hepliaklqana.
  5841 | D:7      | Reached skill level 7 in Axes
  6220 | D:7      | Found a broken altar of Ashenzari.
  6220 | D:7      | Found a white marble altar of Elyvilon.
  6298 | D:7      | Found a basalt altar of Yredelemnul.
  6301 | D:7      | Found a shimmering altar of Xom.
  6304 | D:7      | Found an ancient bone altar of Kikubaaqudgha.
  6307 | D:7      | Found a glowing golden altar of the Shining One.
  6667 | D:8      | Reached skill level 8 in Axes
  6667 | D:8      | Reached XP level 10. HP: 54/63 MP: 10/10
  6745 | D:8      | Identified the +0 chain mail of Togu {rCorr Str+3 Dex+5
                  | Stlth-}
  6897 | D:8      | Found an ornate altar of the Wu Jian Council.
  7369 | D:8      | Noticed Joseph
  7378 | D:8      | Killed Joseph
  7609 | D:9      | Noticed a gargoyle
  7615 | D:9      | Killed a gargoyle
  7616 | D:9      | Reached skill level 9 in Axes
  7623 | D:9      | Noticed Erolcha
  7721 | D:9      | Killed Erolcha
  7980 | D:9      | Reached *** piety under Trog
  8286 | D:9      | Found a bloodstained altar of Trog.
  8406 | D:9      | Found a shimmering blue altar of Sif Muna.
  8476 | D:9      | Reached skill level 10 in Axes
  8488 | D:9      | Noticed a kobold demonologist
  8493 | D:9      | Noticed a soul eater
  8507 | D:9      | Killed a kobold demonologist
  8522 | D:9      | Reached XP level 11. HP: 36/68 MP: 11/11
  8837 | D:9      | Found a staircase to the Orcish Mines.
  8916 | D:9      | Noticed Grum
  8926 | D:9      | Killed Grum
  9310 | D:9      | Gained mutation: Your muscles are strong. (Str +4, Int/Dex
                  | -1) [potion of mutation]
  9310 | D:9      | Gained mutation: You are partially covered in iridescent
                  | scales. (AC +2) [potion of mutation]
  9310 | D:9      | Gained mutation: You have a somewhat thin skeletal
                  | structure. (Dex +2, Stealth+) [potion of mutation]
  9310 | D:9      | Gained mutation: You are mostly covered in iridescent
                  | scales. (AC +4) [potion of mutation]
  9676 | D:10     | Entered Level 10 of the Dungeon
  9913 | D:10     | Found a flagged portal.
  9919 | D:10     | Reached skill level 11 in Axes
  9927 | Bailey   | Entered a bailey
 10593 | D:10     | Reached skill level 5 in Armour
 10816 | D:11     | Noticed a boulder beetle
 10831 | D:11     | Killed a boulder beetle
 10926 | D:11     | You fall into a shaft and drop 3 floors!
 10932 | D:13     | Noticed Urug
 10947 | D:13     | Killed Urug
 11006 | D:13     | Noticed Kirke
 11012 | D:13     | Noticed a lindwurm
 11022 | D:13     | Noticed a lindwurm
 11030 | D:13     | Slain by a lindwurm

Illustrated notes

Levels and vault maps discovered:
D:1:      minmay_arrival_widening_spiral_wide, layout_basic,
          minmay_misc_feat_alley
D:2:      layout_loops_ring, shapermc_ecumenical_altar_flowoftime, serial_shops,
          nicolae_shop_pleasant_corner_grove, minivault_25, uniq_sigmund,
          uniq_natasha
D:3:      layout_basic, mainiacjoe_overflow_cross_hatched,
          gammafunk_ghost_stat_death
D:4:      layout_rooms, minmay_temple_entry_trees, ebering_ghost_sewer_f,
          uniq_crazy_yiuf_cottage, uniq_grinder, uniq_pikel
D:5:      layout_cave_pods, grunt_temple_overflow_forces_of_nature,
          ebering_ghost_rock_garden, serial_shops, nicolae_shop_statue_plus
D:6:      layout_cave_pools, mainiacjoe_overflow_paths
D:7:      layout_basic, gammafunk_temple_overflow_elements,
          grunt_temple_overflow_cloverleaf
D:8:      nicolae_cairo_tiling, layout_cave_pods, nicolae_wu_jian_wuxing_cycle,
          uniq_joseph
D:9:      layout_rooms, nzn_overflow_gifts_of_might_and_magic,
          hiddenorc1_lemuel, centaur_isle, uniq_grum, uniq_erolcha
D:10:     layout_basic, enter_bailey_5, minmay_misc_feat_columns,
          small_statue_alley_a, hangedman_abyss_or_decor_passed
D:11:     layout_gridville, grunt_lair_entry_orc_guard_hut,
          gauntlet_entry_generic, uniq_psyche
D:13:     minmay_triangles_in_corner, layout_small_grid, uniq_urug, uniq_kirke,
          uniq_azrael
D:14:     layout_small_grid, skrybe_vaults_entry_preservation,
          hangedman_decor_clover_reticule

Skill      XL: |  1  2  3  4  5  6  7  8  9 10 11 |
---------------+----------------------------------+-----
Axes           | 3 4 5 8 10 11 | 11.7
Fighting       | 4 5 6 7 8 |  8.9
Dodging        | 2 3 4 5 6 |  6.2
Stealth        | 1 2 3 4 |  4.0
Polearms       | 2 3 4 |  4.6
Armour         | 4 5 |  5.8
Throwing       | |  0.9

Action                     |  1- 3 |  4- 6 |  7- 9 | 10-12 || total
---------------------------+-------+-------+-------+-------++-------
  Melee: Hand axe          |    58 |    28 |    77 |       ||   163
         Halberd           |       |    79 |    20 |       ||    99
         Executioner's axe |       |       |    87 |   235 ||   322
         Unarmed           |       |       |       |     3 ||     3
  Throw: Dart              |       |       |     2 |     4 ||     6
 Invoke: Berserk           |     2 |     3 |     8 |    11 ||    24
         Trog's Hand       |       |     2 |     7 |     4 ||    13
    Use: Scroll            |     2 |     4 |    12 |     4 ||    22
         Potion            |       |     2 |     3 |     6 ||    11
   Stab: Sleeping          |     1 |     1 |     4 |       ||     6
 Armour: Animal skin       |    37 |   122 |   216 |    14 ||   389
         Chain mail        |       |       |       |   299 ||   299
         Skin              |       |       |       |    16 ||    16
  Dodge: Dodged            |    40 |   114 |   223 |   304 ||   681

Table legend: (Time is in decaauts)
 A = Elapsed time spent in this place.
 B = Non-inter-level travel time spent in this place.
 C = Inter-level travel time spent in this place.
 D = Time resting spent in this place.
 E = Time spent auto-exploring this place.
 F = Levels seen in this place.
 G = Mean time per level.
                   A        B        C        D        E       F      G
               +--------+--------+--------+--------+--------+-----+--------+
         Total |  11442 |  11207 |    235 |   1697 |   7395 |  14 |  817.3 |
       Dungeon |  11058 |  10823 |    235 |   1697 |   7149 |  13 |  850.6 |
        Bailey |    384 |    384 |      0 |      0 |    245 |   1 |  384.0 |
               +--------+--------+--------+--------+--------+-----+--------+

Top non-repeatable levels by time:
     D:9: 2047 daAuts
     D:3: 1364 daAuts
     D:2: 1220 daAuts
     D:8: 1074 daAuts
     D:5: 1049 daAuts
     D:4: 895 daAuts
     D:7: 841 daAuts
     D:1: 829 daAuts
    D:10: 815 daAuts
     D:6: 684 daAuts
  Bailey: 384 daAuts
    D:11: 123 daAuts
    D:13: 105 daAuts
    D:14: 5 daAuts
